 Dungeon Crawl Stone Soup version 0.23-a0-14-g8c9a20f (webtiles) character file.

78 Amnesiac the Conjurer (level 4, 0/30 HPs)
             Began as a Mummy Conjurer on Aug 2, 2018.
             Killed from afar by a bog mummy (5 damage)
             ... with a puff of frost
             ... in an ossuary.
             The game lasted 00:02:44 (1021 turns).

Amnesiac the Conjurer (Mummy Conjurer)              Turns: 1021, Time: 00:02:44

Health: 0/30       AC:  2    Str: 11    XL:     4   Next: 15%
Magic:  1/10       EV: 12    Int: 15    God:
Gold:   101        SH:  0    Dex: 12    Spells: 8/11 levels left

rFire    x . .     SeeInvis .   (no weapon)
rCold    + . .     Gourm    +   (no shield)
rNeg     + + +     Faith    .   a - +0 robe
rPois    ∞         Spirit   .   (no helmet)
rElec    .         Reflect  .   (no cloak)
rCorr    .         Harm     .   (no gloves)
MR       .....                  (no boots)
Stlth    +++.......             b - amulet of the gourmand
HPRegen  0.10/turn              c - ring of stealth
MPRegen  0.12/turn              (no ring)

@: slowed, very slow
A: no food or potions, fire vulnerability, cold resistance 1, negative energy
resistance 3, torment resistance, unbreathing
a: no special abilities


You were in an ossuary.
You were not hungry.

You visited 1 branch of the dungeon, and saw 4 of its levels.
You also visited: Ossuary.

You collected 101 gold pieces.

Inventory:

Hand Weapons
 d - a +0 hunting sling
 e - a +0 halberd
 g - a +0 war axe
Missiles
 f - 4 stones (quivered)
Armour
 a - a +0 robe (worn)
Jewellery
 b - an amulet of the gourmand (around neck)
 c - a ring of stealth (left hand)
Scrolls
 h - a scroll of immolation {!r, unknown}


   Skills:
 - Level 1.5 Dodging
 - Level 1.5 Stealth
 + Level 4.1 Spellcasting
 * Level 4.2 Conjurations


You had 8 spell levels left.
You knew the following spells:

 Your Spells              Type           Power        Failure   Level  Hunger
a - Magic Dart            Conj           ###.         3%          1    N/A
d - Searing Ray           Conj           ###...       4%          2    N/A

Your spell library contained the following spells:

 Spells                   Type           Power        Failure   Level  Hunger
 Iskenderun's Mystic Bla  Conj           ###.....     32%         4    N/A
 Fulminant Prism          Conj/Hex       #.........   58%         4    N/A
 Dazzling Spray           Conj/Hex       #.....       22%         3    N/A
 Force Lance              Conj/Tloc      #.......     58%         4    N/A

Dungeon Overview and Level Annotations

Branches:
Dungeon (4/15)
 Temple: D:4-7

Altars:
Xom


Innate Abilities, Weirdness & Mutations

You do not eat or drink.
Your flesh is vulnerable to fire.
You are immune to poison.
Your flesh is cold resistant. (rC+)
You are immune to negative energy. (rN+++)
You are immune to unholy pain and torment.
You can survive without breathing.


Message History

You close the door.
A bog mummy opens the door.
You close the door.
You start resting.
Magic restored.
A bog mummy opens the door.
A bog mummy is nearby!
You close the door.
You start resting.
A bog mummy opens the door.
A bog mummy is nearby!
You close the door.
A bog mummy opens the door.
You close the door.
Something unseen opens the door.
You close the door.
A bog mummy opens the door.
You close the door.
You start resting.
A bog mummy comes into view.
There are monsters nearby!
There is an empty arch of ancient stone here.
Casting: Searing Ray (safe; 4% risk of failure)
Confirm with . or Enter, or press ? or * to list all spells.
Aiming: Searing Ray (safe; 4% risk of failure)
Press: ? - help, Shift-Dir - straight line, f - bog mummy
Aim: a bog mummy (hasn't noticed you)
The searing ray hits the bog mummy.
The bog mummy is lightly damaged. (Press . to maintain the ray.)
The searing ray hits the bog mummy.
The bog mummy is moderately damaged.
The searing ray hits the bog mummy.
The bog mummy is moderately damaged.
The searing ray hits the bog mummy.
The bog mummy is heavily damaged.
The searing ray hits the bog mummy.
The bog mummy is moderately damaged.
You finish channeling your searing ray.
The bog mummy points at you and mumbles some strange words.
You feel yourself slow down.
Casting: Searing Ray (safe; 4% risk of failure)
Confirm with . or Enter, or press ? or * to list all spells.
Aiming: Searing Ray (safe; 4% risk of failure)
Press: ? - help, Shift-Dir - straight line, f/p - bog mummy
Aim: a bog mummy (heavily damaged)
The searing ray misses the bog mummy. (Press . to maintain the ray.)
The bog mummy gestures at you while chanting.
You resist with some effort.
The searing ray hits the bog mummy.
The bog mummy is severely damaged.
The bog mummy hits you!
Ouch! That really hurt!
* * * LOW HITPOINT WARNING * * *
The bog mummy casts a spell at you. The puff of frost hits you! You resist.
* * * LOW HITPOINT WARNING * * *
There is a gate leading back out of this place here.
Casting: Searing Ray (safe; 4% risk of failure)
Confirm with . or Enter, or press ? or * to list all spells.
Aiming: Searing Ray (safe; 4% risk of failure)
Press: ? - help, Shift-Dir - straight line, f/p - bog mummy
Aim: a bog mummy (severely damaged)
The searing ray hits the bog mummy.
The bog mummy is almost destroyed. (Press . to maintain the ray.)
The bog mummy casts a spell at you. The puff of frost hits you! You resist.
You die...

+ #.#####
+.#..@#
#.'.MM#
#.≈≈#...#
###≈#####
≈ ≈≈ ##


You could see 2 bog mummies.

Vanquished Creatures
  A mummy (Ossuary)
  3 gnolls (D:3)
  2 adders
  A dart slug (D:1)
  An orc (D:2)
  2 giant cockroaches
  2 hobgoblins
  3 bats
  3 goblins
  A kobold (D:3)
  3 rats (D:3)
22 creatures vanquished.

Vanquished Creatures (others)
  4 withered plants (Ossuary)
4 creatures vanquished.

Grand Total: 26 creatures vanquished

Notes
Turn   | Place    | Note
-------+----------+-------------------------------------------
     0 | D:1      | Amnesiac the Mummy Conjurer began the quest for the Orb.
     0 | D:1      | Reached XP level 1. HP: 13/13 MP: 4/4
   333 | D:2      | Reached XP level 2. HP: 19/19 MP: 0/6
   387 | D:3      | Learned a level 2 spell: Searing Ray
   473 | D:3      | Reached XP level 3. HP: 24/24 MP: 4/8
   814 | D:4      | Found a shimmering altar of Xom.
   814 | D:4      | Found a shimmering altar of Xom.
   814 | D:4      | Found a shimmering altar of Xom.
   814 | D:4      | Found a shimmering altar of Xom.
   856 | D:4      | Found a sand-covered staircase.
   856 | D:4      | Noticed an ogre
   861 | Ossuary  | Entered an ossuary
   933 | Ossuary  | Reached XP level 4. HP: 16/30 MP: 2/10
  1021 | Ossuary  | Killed from afar by a bog mummy

Vault maps used:
D:1:      noname_arrival_rooms_in_the_neighbourhood, roderic_roman_lattice
D:2:      kennysheep_generic_room_15
D:3:      minivault_24, st_stairs_14, grunt_ministairs_12, uniq_ijyb
D:4:      nicolae_ossuary_entry_ruins, xom_redecorated
Ossuary:  ossuary_zaba_flooded

Skill      XL: |  1  2  3 |
---------------+----------+-----
Spellcasting   | 3 4 |  4.1
Conjurations   | 4 |  4.2
Dodging        | |  1.5
Stealth        | |  1.5

Action                   |  1- 3 |  4- 6 || total
-------------------------+-------+-------++-------
Melee: Unarmed           |    13 |       ||    13
 Cast: Magic Dart        |    48 |       ||    48
       Searing Ray       |     4 |     3 ||     7
  Use: Scroll            |     1 |       ||     1
Armor: Robe              |     9 |       ||     9
Dodge: Dodged            |    27 |       ||    27

Table legend:
 A = Spawn XP
 B = Non-spawn XP
 C = Spawn XP percentage of total XP
 D = Spawn monster count
 E = Non-spawn monster count
 F = Spawn count percentage of total count
 G = Total turns spent on level
                    A         B        C        D         E        F      G
               +---------+---------+-------+---------+---------+-------+---------
         Total |       0 |     112 |   0.0 |       0 |      22 |   0.0 |  1021
               +---------+---------+-------+---------+---------+-------+---------
           D:1 |       0 |       8 |   0.0 |       0 |       4 |   0.0 |   223
           D:2 |       0 |       5 |   0.0 |       0 |       2 |   0.0 |    86
           D:3 |       0 |      66 |   0.0 |       0 |      13 |   0.0 |   495
           D:4 |       0 |      15 |   0.0 |       0 |       2 |   0.0 |    57
       Ossuary |       0 |      18 |   0.0 |       0 |       1 |   0.0 |   160
               +---------+---------+-------+---------+---------+-------+---------
